AoeStats
← anzunza2014

Hill Fort

506581608Analyzed
2v2 RM · 17d ago on Sep 14, 2026· 66m 46s· 4 players
Game mode
Random Map
Map size
Medium (4 player)
Population
200
Speed
Normal
Resources
Standard
Victory
Conquest
Starting age
Dark Age
Ending age
Imperial Age
RankedLock teamsTeams togetherTeam positionsShared explorationLock speedFull tech treeHidden civsTurbo modeCheats
Victory
Defeat
🇲🇽 Magyars · Mexico
973
+10
🇲🇽 Teutons · Mexico
961
+10
🇺🇸 Huns · United States
884
-12
🇨🇷 Spanish · Costa Rica
777
-8
anzunza2014
11:15 Feudal Age
10:03 Loom
12:08 Double-Bit Axe
18:49 Castle Age
17:12 Horse Collar
18:11 Town Watch
18:22 Gold Mining
19:02 Fletching
19:59 Padded Archer Armor
21:32 Bodkin Arrow
22:56 Leather Archer Armor
24:18 Forging
24:50 Bloodlines
25:27 Bow Saw
25:33 Husbandry
25:55 Heavy Plow
26:58 Pikeman
27:42 Scale Mail Armor
30:10 Wheelbarrow
30:06 Ballistics
32:05 Iron Casting
34:43 Imperial Age
34:39 Chain Mail Armor
34:26 Squires
34:42 Light Cavalry
37:25 Conscription
39:43 Scale Barding Armor
40:19 Bracer
40:57 Chain Barding Armor
44:06 Plate Barding Armor
44:32 Halberdier
46:58 Hand Cart
50:50 Parthian Tactics
53:27 Blast Furnace
55:07 Chemistry
55:41 Two-Man Saw
57:51 Heavy Cavalry Archer
J_Leon10
9:14 Loom
12:23 Feudal Age
20:26 Castle Age
19:05 Horse Collar
19:15 Double-Bit Axe
22:52 Town Watch
24:55 Bow Saw
28:43 Imperial Age
32:55 Pikeman
33:52 Bloodlines
45:02 Husbandry
46:53 Cavalier
51:50 Fletching
52:13 Forging
52:05 Padded Archer Armor
52:13 Scale Barding Armor
52:51 Wheelbarrow
HABS
4:34 Loom
12:41 Feudal Age
13:24 Horse Collar
14:11 Gold Mining
14:20 Double-Bit Axe
15:58 Stone Mining
20:22 Castle Age
19:19 Bloodlines
30:02 Arson
38:06 Imperial Age
38:21 Scale Barding Armor
38:13 Cavalier
39:46 Paladin
42:54 Forging
43:34 Chain Barding Armor
45:14 Elite Teutonic Knight
46:16 Conscription
52:55 Caravan
63:20 Plate Barding Armor
63:21 Iron Casting
Lordsville
12:00 Feudal Age
16:06 Loom
17:03 Wheelbarrow
20:05 Castle Age
19:05 Double-Bit Axe
19:14 Horse Collar
21:18 Heavy Plow
26:01 Wheelbarrow
26:56 Scale Barding Armor
30:34 Hand Cart
30:06 Town Watch
30:36 Hand Cart
30:26 Elite Skirmisher
34:48 Imperial Age
33:10 Bow Saw
32:54 Gold Mining
35:09 Fletching
35:40 Chain Barding Armor
36:12 Town Patrol
37:39 Conscription
38:27 Bodkin Arrow
42:18 Bracer
42:54 Plate Barding Armor
42:20 Padded Archer Armor
42:53 Elite Magyar Huszar
44:28 Crop Rotation
44:49 Ballistics
46:25 Chemistry
47:05 Two-Man Saw
48:42 Thumb Ring
50:24 Pikeman
51:24 Leather Archer Armor
51:09 Scale Mail Armor
52:03 Halberdier
56:52 Arson
61:28 Capped Ram
Connection lost

Rejoining the realm…

Still unreachable

The connection could not be restored.

Session expired

The server has moved on; the page needs a fresh start.